 Dungeon Crawl Stone Soup version 0.30-a0-867-g305f33218d (webtiles) character file.

Game seed: 13738002028740476204

474 retardedninja the Covered (level 6, -1/55 HPs)
             Began as an Armataur Fighter on Mar 10, 2023.
             Was an Initiate of Gozag.
             Slain by a gnoll
             ... wielding a +0 club
             ... led by a gnoll sergeant
              (6 damage)
             ... on level 4 of the Dungeon.
             The game lasted 00:04:51 (4278 turns).

retardedninja the Covered (Armataur Fighter)        Turns: 4278, Time: 00:04:52

Health: -1/55      AC:  8    Str: 23    XL:     6   Next: 84%
Magic:  6/6        EV:  5    Int:  9    God:    Gozag
Gold:   196        SH:  4    Dex:  9    Spells: 5/5 levels left

rFire   . . .      SeeInvis .    a - +0 war axe
rCold   . . .      Faith    .    c - +0 buckler
rNeg    . . .      Spirit   .    n - +0 chain mail
rPois   .          Reflect  .    (no helmet)
rElec   .          Roll     +    (no cloak)
rCorr   .                        (no gloves)
Will    .....                    (no barding) Stlth
                                 (no amulet)
HPRegen 0.29/turn                (no ring)
MPRegen 0.10/turn                (no ring)

@: no status effects
A: large, rugged brown scales 3, deformed body, armoured tail, roll, long
tongue, awkward tongue
a: Renounce Religion, Potion Petition, Call Merchant, Bribe Branch


You were on level 4 of the Dungeon.
You worshipped Gozag.
Gozag was aware of your devotion.
You visited 2 branches of the dungeon, and saw 6 of its levels.

You collected 251 gold pieces.
You paid 55 gold pieces to Gozag.

Inventory:

Hand Weapons
 a - a +0 war axe (weapon)
Armour
 c - a +0 buckler (worn)
 n - a +0 chain mail (worn)
Jewellery
 m - a +6 ring of dexterity
Wands
 r - a wand of roots (13)
Scrolls
 b - a scroll of summoning {unknown}
 g - a scroll of poison
 h - 2 scrolls of immolation
 i - a scroll of fear
 j - a scroll of teleportation
 o - a scroll of noise {unknown}
 q - 2 scrolls of identify
 s - a scroll of blinking {unknown}
 t - a scroll of vulnerability {unknown}
Potions
 d - a potion of might
 e - a potion of mutation {unknown}
 f - a potion of lignification
 l - 2 potions of haste
 p - a potion of brilliance {unknown}


   Skills:
 + Level 3.9 Fighting
 * Level 4.0 Axes
 + Level 5.2 Armour
 + Level 4.8 Shields


You had 5 spell levels left.
You didn't know any spells.
Your spell library contained the following spells:

 Spells                   Type           Power      Damage    Failure   Level
 Inner Flame              Hex/Fire       0%         N/A       100%        3
 Flame Wave               Conj/Fire      0%         2d4       100%        4
 Sticky Flame             Conj/Fire      0%         2d3       100%        4


Dungeon Overview and Level Annotations

Branches:
Dungeon (5/15)             Temple (1/1) D:4

Altars:
Ashenzari
Cheibriados
Gozag
Hepliaklqana
Makhleb
Nemelex Xobeh
Qazlal
Sif Muna
Uskayaw
Vehumet
Wu Jian
Xom
Yredelemnul
The Shining One

Shops:
D:3 =


Innate Abilities, Weirdness & Mutations

You are completely covered in rugged brown scales. (AC +3, +7% HP)
Armour fits poorly on your strangely shaped body.
You have a long armoured tail.
You roll when moving toward enemies. (Rampage)
Your long tongue fully drains potion bottles. (2x potion effects)
Your tongue gives you trouble enunciating. (1.5x scroll delay)


Message History

The gnoll hits you but does no damage. The gnoll attacks as you move away!
The gnoll hits you with a +0 flail. The gnoll hits you but does no damage.
The gnoll attacks as you move away! The gnoll hits you but does no damage.
The gnoll attacks as you move away! The gnoll hits you with a +0 club.
The gnoll attacks as you move away! The gnoll hits you but does no damage.
The gnoll hits you with a +0 flail.
* * * LOW HITPOINT WARNING * * *
The gnoll attacks as you move away! The gnoll barely misses you.
The gnoll hits you with a +0 flail!
* * * LOW HITPOINT WARNING * * *
You block the gnoll's attack. The gnoll attacks as you move away!
The gnoll hits you with a +0 club.
* * * LOW HITPOINT WARNING * * *
The gnoll is no longer moving quickly.
There is a stone staircase leading up here.
The gnoll is no longer moving quickly.
The gnoll hits you with a +0 club.
* * * LOW HITPOINT WARNING * * *
You climb upwards.
Found a leather armour.
There is a stone staircase leading down here.
You slurp down every last drop of the potion of curing!
You feel better. The gnoll hits you with a +0 club.
* * * LOW HITPOINT WARNING * * *
You closely miss the gnoll.
Your tail-slap misses the gnoll.
The gnoll hits you with a +0 club.
* * * LOW HITPOINT WARNING * * *
The gnoll hits you but does no damage.
You closely miss the gnoll.
Your tail-slap misses the gnoll.
The gnoll hits you but does no damage.
You slash the gnoll!
You tail-slap the gnoll, but do no damage.
The gnoll is severely wounded.
The gnoll hits you with a +0 club!
* * * LOW HITPOINT WARNING * * *
You closely miss the gnoll.
The gnoll is severely wounded.
The gnoll hits you with a +0 club.
You die...
Your body crumbles into a pile of gold.

##...##.##...#.....
##....#..##..#####..
#........##..#####..
#....#...##..##.###.
#.#############.....
#.# ##8###8 #.....
#.##8...8[. ##.....
#.##.........##.....
#.#@........._#.#...
####g........####...
###8...8...8##.....
##8###8## ###...
###########...
##....##......
#.............
##.......(....
#######......


You could see a gnoll.

Vanquished Creatures
  2 centaurs (D:4)
  4 crimson imps (D:3)
  A hound (D:5)
  A sleepcap (D:5)
  An iguana (D:5)
  3 adders
  A dart slug (D:2)
  An orc (D:4)
  5 ball pythons
  4 endoplasms
  3 giant cockroaches
  4 goblins
  5 hobgoblins
  6 jackals
  8 kobolds
  3 quokkas
  6 bats
  2 frilled lizards
  5 rats
65 creatures vanquished.

Notes
Turn   | Place    | Note
-------+----------+-------------------------------------------
     0 | D:1      | retardedninja the Armataur Fighter began the quest for the
                  | Orb.
     0 | D:1      | Reached XP level 1. HP: 19/19 MP: 1/1
   461 | D:1      | Reached XP level 2. HP: 24/26 MP: 2/2
  1191 | D:2      | Found a faded altar of an unknown god.
  1359 | D:2      | Reached XP level 3. HP: 32/32 MP: 3/3
  1420 | D:2      | Reached skill level 4 in Armour
  1909 | D:3      | Found a glowing golden altar of the Shining One.
  2003 | D:3      | Became a worshipper of the Shining One
  2082 | D:3      | Found a basalt altar of Yredelemnul.
  2106 | D:3      | Found a hide-covered altar of Uskayaw.
  2397 | D:3      | Reached XP level 4. HP: 38/40 MP: 4/4
  2400 | D:3      | Found Nypis's Jewellery Shoppe.
  2474 | D:3      | Found a shimmering altar of Xom.
  2484 | D:3      | Reached XP level 5. HP: 47/48 MP: 5/5
  2932 | D:4      | Found a snail-covered altar of Cheibriados.
  2975 | D:4      | Reached * piety under the Shining One
  2997 | D:4      | Noticed a centaur
  3005 | D:4      | Killed a centaur
  3006 | D:4      | Reached XP level 6. HP: 37/55 MP: 6/6
  3118 | D:4      | Reached skill level 5 in Armour
  3451 | D:4      | Found a staircase to the Ecumenical Temple.
  3479 | Temple   | Entered the Ecumenical Temple
  3591 | Temple   | Fell from the grace of the Shining One
  3591 | Temple   | Became a worshipper of Gozag Ym Sagoz the Greedy
  3666 | D:4      | Found a hazy altar of Hepliaklqana.
  3738 | D:4      | Found a radiant altar of Vehumet.
  3924 | D:5      | Entered Level 5 of the Dungeon
  4278 | D:4      | Slain by a gnoll

Illustrated notes

Levels and vault maps discovered:
D:1:      dpeg_arrival_erosion, layout_loops_ring, minmay_crystal_room
D:2:      layout_basic, shapermc_ecumenical_altar_mp_ritualfount,
          chequers_serial_rivers_marsh
D:3:      layout_rooms, led_xom_imps, nicolae_tso_swordbearing_angel,
          mainiacjoe_overflow_large_starburst, serial_shops,
          nicolae_shop_statue_plus
D:4:      layout_cave_pools, nicolae_overflow_hidden_temple,
          cheibriados_altar_1, nicolae_vehumet_altar_sigil,
          minmay_temple_entry_tees, minivault_19
D:5:      layout_loops_corners, lemuel_coloured_pillars_altar,
          nicolae_shop_i_like_big_books, nicolae_fountain_basement
Temple:   hellmonk_temple_beads

Skill      XL: |  1  2  3  4  5  6 |
---------------+-------------------+-----
Axes           | 2 3 4 |  4.0
Fighting       | 3 |  3.9
Armour         | 4 5 |  5.2
Shields        | 4 |  4.8

Action                     |  1- 3 |  4- 6 || total
---------------------------+-------+-------++-------
  Melee: War axe           |   120 |    82 ||   202
         Tailslap          |     4 |    12 ||    16
    Use: Scroll            |     6 |     2 ||     8
         Potion            |       |     1 ||     1
 Armour: Scale mail        |    73 |     2 ||    75
         Chain mail        |       |    54 ||    54
  Dodge: Dodged            |    53 |    23 ||    76
  Block: Buckler           |    25 |    25 ||    50

Table legend: (Time is in decaauts)
 A = Elapsed time spent in this place.
 B = Non-inter-level travel time spent in this place.
 C = Inter-level travel time spent in this place.
 D = Time resting spent in this place.
 E = Time spent auto-exploring this place.
 F = Levels seen in this place.
 G = Mean time per level.
                   A        B        C        D        E       F      G
               +--------+--------+--------+--------+--------+-----+--------+
         Total |   4362 |   4216 |    146 |   1238 |   2350 |   6 |  727.0 |
       Dungeon |   4231 |   4103 |    128 |   1238 |   2257 |   5 |  846.2 |
        Temple |    131 |    113 |     18 |      0 |     93 |   1 |  131.0 |
               +--------+--------+--------+--------+--------+-----+--------+

Top non-repeatable levels by time:
     D:3: 1104 daAuts
     D:1: 1095 daAuts
     D:4: 886 daAuts
     D:2: 801 daAuts
     D:5: 343 daAuts
  Temple: 131 daAuts
